 Dungeon Crawl Stone Soup version 0.29-a0-409-gd843f3a (webtiles) character file.

Game seed: 10886115227991929181

60 Toastz the Chopper (level 4, 0/41 HPs)
             Began as a Hill Orc Monk on May 13, 2022.
             Slain by a gnoll
             ... wielding a +0 spear
              (7 damage)
             ... on level 2 of the Dungeon.
             The game lasted 00:03:11 (1291 turns).

Toastz the Chopper (Hill Orc Monk)                  Turns: 1291, Time: 00:03:12

Health: 0/41       AC:  8    Str: 15    XL:     4   Next: 4%
Magic:  4/4        EV: 11    Int: 10    God:
Gold:   85         SH:  0    Dex: 13    Spells: 3/3 levels left

rFire   . . .      SeeInvis .   a - +0 hand axe
rCold   . . .      Faith    .   (no shield)
rNeg    . . .      Spirit   .   f - +0 ring mail
rPois   .          Reflect  .   e - +2 helmet
rElec   .          Harm     .   (no cloak)
rCorr   .          Rampage  .   (no gloves)
Will    .....                   (no boots)
Stlth   +.........              (no amulet)
HPRegen 0.13/turn               (no ring)
MPRegen 0.09/turn               (no ring)

@: no status effects
A: no striking features
a: no special abilities


You were on level 2 of the Dungeon.
You visited 1 branch of the dungeon, and saw 2 of its levels.

You collected 85 gold pieces.

Inventory:

Hand Weapons
 a - a +0 hand axe (weapon)
Missiles
 d - 20 stones (quivered)
Armour
 e - a +2 helmet (worn)
 f - a +0 ring mail (worn)
Scrolls
 h - a scroll of immolation
 i - a scroll of identify {unknown}
 k - a scroll of fog {unknown}
Potions
 b - a potion of berserk rage {unknown}
 g - a potion of might {unknown}
 j - 3 potions of curing {unknown}
 l - a potion of invisibility {unknown}


   Skills:
 + Level 4.4 Fighting
 + Level 4.8 Axes
 + Level 1.5 Armour
 - Level 2.5 Dodging
 - Level 1.8 Stealth


You had 3 spell levels left.
You didn't know any spells.
Your spell library was empty.

Dungeon Overview and Level Annotations

Branches:
Dungeon (2/15)

Altars:


Message History

The gnoll hits you with a +0 club.
You miss the gnoll. The gnoll misses you. The gnoll barely misses you.
You bump into the rock wall.
You feel less invigorated.
You feel less confused. The gnoll hits you but does no damage.
The gnoll hits you from afar with a +0 spear.
You hit the gnoll.
The gnoll is heavily wounded.
The gnoll barely misses you. The gnoll misses you.
You closely miss the gnoll.
The gnoll is heavily wounded.
The gnoll hits you with a +0 club.
The gnoll hits you from afar with a +0 spear.
You slash the gnoll!
The gnoll is almost dead.
The gnoll hits you with a +0 club.
The gnoll hits you from afar with a +0 spear.
You barely miss the gnoll.
The gnoll is almost dead.
The gnoll barely misses you.
The gnoll hits you from afar with a +0 spear.
You barely miss the gnoll.
The gnoll is almost dead.
The gnoll barely misses you. The gnoll hits you but does no damage.
You hit the gnoll.
You kill the gnoll!
The gnoll barely misses you.
You have reached level 4!
The gnoll hits you with a +0 spear.
* * * LOW HITPOINT WARNING * * *
There is an open door, spattered with blood here.
Items here: ))) ††.
You barely miss the gnoll. The gnoll hits you but does no damage.
You hit the gnoll.
The gnoll is moderately wounded.
The gnoll closely misses you.
You hit the gnoll.
The gnoll is heavily wounded.
The gnoll hits you with a +0 spear!
You die...

######### ##.......#
######### #.....##.#
#.......#
#.....##.########.......#
#.....##.....>..@.....(.+
#.....#######.###g......#
#.....'....##...+.......+
#.....####.######.....(.#
#.....# #......##.......#
#
#########..###.###.....##
(.( #.....# #.#
#.....##.g... #.###.# #.#
#.....'...... #.....###.#
#.....#......


You could see a gnoll.

Vanquished Creatures
  2 gnolls (D:2)
  2 dart slugs
  A bat (D:1)
  3 endoplasms
  4 giant cockroaches (D:1)
  5 goblins
  4 hobgoblins
  3 kobolds (D:1)
  2 quokkas (D:1)
  2 ball pythons
  2 frilled lizards (D:1)
  3 rats (D:1)
33 creatures vanquished.

Vanquished Creatures (others)
  3 plants (D:1)
3 creatures vanquished.

Grand Total: 36 creatures vanquished

Notes
Turn   | Place    | Note
-------+----------+-------------------------------------------
     0 | D:1      | Toastz the Hill Orc Monk began the quest for the Orb.
     0 | D:1      | Reached XP level 1. HP: 19/19 MP: 1/1
   348 | D:1      | Found a faded altar of an unknown god.
   361 | D:1      | Reached XP level 2. HP: 25/27 MP: 2/2
   672 | D:1      | Reached XP level 3. HP: 32/33 MP: 3/3
   804 | D:1      | Reached skill level 1 in Armour
  1288 | D:2      | Reached XP level 4. HP: 13/41 MP: 4/4
  1291 | D:2      | Slain by a gnoll

Illustrated notes

Levels and vault maps discovered:
D:1:      tarquinn_simple_flora_water_b, layout_rooms, serial_forest,
          infiniplex_forest_lined_3_way, infiniplex_forest_corner_1,
          infiniplex_forest_end_3, infiniplex_forest_straight_3,
          infiniplex_forest_end_2, hellmonk_ecumenical_altar_blasted
D:2:      layout_basic

Skill      XL: |  1  2  3 |
---------------+----------+-----
Fighting       | 4 |  4.4
Armour         | 1 |  1.5
Axes           | |  4.8
Dodging        | |  2.5
Stealth        | |  1.8

Action                   |  1- 3 |  4- 6 || total
-------------------------+-------+-------++-------
Melee: Hand axe          |   173 |     3 ||   176
Throw: Stone             |    32 |       ||    32
  Use: Potion            |     1 |       ||     1
Armor: Robe              |    10 |       ||    10
       Ring mail         |    29 |     1 ||    30
Dodge: Dodged            |   105 |     1 ||   106

Table legend: (Time is in decaauts)
 A = Elapsed time spent in this place.
 B = Non-inter-level travel time spent in this place.
 C = Inter-level travel time spent in this place.
 D = Time resting spent in this place.
 E = Time spent auto-exploring this place.
 F = Levels seen in this place.
 G = Mean time per level.
                   A        B        C        D        E       F      G
               +--------+--------+--------+--------+--------+-----+--------+
         Total |   1310 |   1282 |     28 |    244 |    615 |   2 |  655.0 |
       Dungeon |   1310 |   1282 |     28 |    244 |    615 |   2 |  655.0 |
               +--------+--------+--------+--------+--------+-----+--------+

Top non-repeatable levels by time:
     D:1: 1118 daAuts
     D:2: 192 daAuts
